Dyi, chaotic female elven Wizard ------- |.....| |.---.| |.|$..| | |.|.--|}| |.|...|}--------------- ------+------ |.---.|}}}}}}|........| ..........@| |...|.|.....}|........| |.22........| |----.|.....}%........|----------|22E%%..%...| |..*..|.....I%)..{....-.%[.%))N@@T2L@@%%..a\(| |.-----.....}|........|----------|@2H.%O.....| |..%|..%....}|........| |..22.......| |.|<|.|}}}}}}|........| ..3.32........| |.|$..|}--------------- ---------2------ |.----|}| 323 2 2222 |*..|*|}| |--.|.|}- 2 |.....| ------- Dyi the Sorceress Experience level: 18 Strength: 16 Dexterity: 15 Constitution: 16 Intelligence: 20 Wisdom: 20 Charisma: 11 Health: 0(106) Energy: 85(257) Def: 26 Gold: 0 Moves: 33828 Dungeon seed: 9RUQA4AneLmdplIv Game ID: Dyi_1512574686 Your Inventory: Amulets z - an uncursed amulet of reflection (being worn) P - the blessed Eye of the Aethiopica Weapons g - an uncursed +0 thirsty quarterstaff B - the blessed fireproof +1 Magicbane (weapon in hands) Armor j - a blessed +2 dwarvish iron helm of stealth (being worn) k - a blessed rusty +0 pair of iron shoes of drain resistance (being worn) q - an uncursed +2 pair of leather gloves (being worn) r - a blessed +1 cloak of magic resistance (being worn) y - a blessed +1 banded mail of stealth, shock immunity and brilliance (being worn) N - an uncursed +0 orcish helm of warning Comestibles Z - 3 uncursed food rations Scrolls d - a blessed scroll of earth i - 4 uncursed scrolls of teleportation n - 2 cursed scrolls of teleportation w - an uncursed scroll of gold detection J - 2 uncursed scrolls of blank paper Y - a cursed scroll of blank paper Potions K - a cursed potion of confusion Q - a potion of holy water R - 2 blessed potions of levitation T - an uncursed potion of speed Rings a - an uncursed ring of teleport control e - an uncursed ring of levitation (on left hand) l - an uncursed ring of conflict (on right hand) u - an uncursed ring of warning x - a blessed +2 ring of increase damage E - an uncursed ring of teleportation H - an uncursed +1 ring of protection O - an uncursed ring of invisibility W - an uncursed ring of polymorph X - an uncursed ring of regeneration Wands m - an uncursed wand of slow monster (0:1) p - an uncursed wand of digging (0:6) s - a cursed wand of speed monster (0:6) v - an uncursed wand of make invisible (0:3) A - an uncursed wand of lightning (0:7) C - an uncursed wand of death (0:2) D - an uncursed wand of speed monster (0:4) G - an uncursed wand of digging (0:6) L - an uncursed wand of digging (0:2) S - an uncursed wand of teleportation (0:6) U - an uncursed wand of digging (0:4) Tools b - the uncursed Bell of Opening (0:3) c - a blessed +0 unicorn horn f - an uncursed +0 unicorn horn h - a blessed bag of holding t - an uncursed towel M - a blessed magic marker (1:4) V - an uncursed skeleton key Gems o - an uncursed luckstone F - a blessed touchstone Contents of the bag of holding: 21980 gold pieces an uncursed amulet of reflection a cursed -1 scimitar of frost an uncursed +0 cloak of magic resistance an uncursed +0 dwarvish mithril-coat of clairvoyance 2 uncursed cram rations 4 uncursed food rations 2 uncursed slime molds an uncursed tin of brown mold an uncursed tin of hobbit meat 3 uncursed tins of spinach an uncursed tripe ration an uncursed scroll of blank paper an uncursed scroll of charging an uncursed scroll of confuse monster an uncursed scroll of earth an uncursed scroll of food detection an uncursed scroll of gold detection a blessed scroll of magic mapping 2 uncursed scrolls of remove curse 6 uncursed scrolls of teleportation an uncursed spellbook of blank paper an uncursed spellbook of blank paper a blessed potion of booze a blessed potion of confusion an uncursed potion of enlightenment a blessed potion of extra healing an uncursed potion of fruit juice 3 potions of holy water an uncursed potion of invisibility an uncursed potion of levitation an uncursed potion of object detection an uncursed potion of restore ability an uncursed potion of sickness 2 uncursed potions of water an uncursed +4 ring of adornment an uncursed ring of see invisible an uncursed ring of shock immunity an uncursed ring of sustain ability an uncursed wand of cancellation (0:0) an uncursed wand of cold (0:4) an uncursed wand of digging (0:5) an uncursed wand of digging (0:2) an uncursed wand of magic missile (0:5) an uncursed wand of polymorph (0:0) an uncursed wand of sleep (0:6) a cursed wand of slow monster (0:7) an uncursed wand of striking (0:5) an uncursed can of grease (0:5) an uncursed mirror an uncursed oil lamp (0:1408) an uncursed tin whistle an uncursed +0 unicorn horn 4 uncursed amethyst stones 2 uncursed diamonds 3 uncursed emeralds 2 uncursed jacinth stones an uncursed jade stone an uncursed obsidian stone 2 uncursed rubies 2 uncursed topaz stones an uncursed turquoise stone Spells and supernatural/magical abilities: Spells marked with '*' are forgotten. Spells marked with '!' are maintained. Spells marked with '#' are aliased with 'castalias'. Name Level Category Fail Memory a - force bolt 1 attack 3% 98% k - knock 1 matter 3% 93% l - light 1 ! divination 3% 66% m - magic missile 2 attack 0% 98% n - detect monsters 1 divination 3% 93% o - cone of cold 4 attack 3% 90% p - protection 1 clerical 3% 75% u - confuse monster 2 enchantment 3% 98% x - extra healing 3 healing 3% 95% z - sleep 1 enchantment 3% 96% H - speed monster 3 escape 3% 44% O - create monster 2 clerical 3% 93% W - pray for help -- divine ? -- Your skills at the end: Fighting Skills wands [Basic] Weapon Skills quarterstaff [Expert] Spellcasting Skills attack spells [Expert] healing spells [Basic] enchantment spells [Basic] escape spells [Basic] Final Attributes: You were cold resistant. You were sleep resistant. You were immune to electricity. You were poison resistant. You were magic resistant. You were level-drain resistant. You saw invisible. You were telepathic. You were warned. You had infravision. You were invisible. You were stealthy. You were conflicting. You had teleport control. You were levitating. You were protected. You had reflection. You were lucky. You had extra luck. Bad luck did not time out for you. Good luck did not time out for you. You got a gift from your god 4102 turns ago. You are dead. Vanquished creatures: Medusa 2 titans a balrog a minotaur The Dark One 4 stone golems a master mind flayer a hell hound 2 trappers a baby gray dragon a baby blue dragon 2 vampire lords a shopkeeper a captain 2 water trolls 2 ettins a golden naga a black pudding a vampire 3 ghosts a lieutenant 2 watch captains 2 knights a samurai a wizard a queen bee a winged gargoyle 2 mind flayers 4 giant mimics 2 zruties an ogre king 4 rock trolls an umber hulk a flesh golem 2 Elvenkings a doppelganger a wumpus 4 couatls 3 stalkers a fire elemental an earth elemental a water elemental a hill giant 2 giant mummies 2 black nagas 13 xorns 4 giant zombies an elf-lord 2 sergeants 2 wargs 4 small mimics 2 glass piercers 3 xans 2 ettin mummies 3 quantum mechanics 27 trolls 4 sasquatches 3 wood golems 2 sharks 6 electric eels a gelatinous cube 2 large dogs 2 freezing spheres 2 flaming spheres 2 shocking spheres 2 large cats 3 tigers a dwarf king 5 tengu 3 ochre jellies 4 leocrottas an energy vortex 4 mountain centaurs 7 stone giants 5 elf mummies 2 human mummies 4 pit vipers 2 pythons 2 cobras 6 wraiths a carnivorous ape 6 ettin zombies a leather golem 2 Grey-elves 27 soldiers 2 watchmen an incubus 2 chameleons 2 crocodiles 4 giant beetles 4 quivering blobs 5 cockatrices 13 wolves 3 winter wolf cubs 2 lynxes 3 panthers 21 gremlins 2 spotted jellies 23 leprechauns 4 orc-captains 4 iron piercers 2 mumakil 5 giant spiders 6 scorpions 3 horses 2 ice vortices 3 black lights 89 vampire bats 4 forest centaurs 10 gnome kings 2 orc mummies 2 dwarf mummies 5 ogres a brown pudding 3 rust monsters 6 owlbears 5 yetis a gold golem 2 werewolves a Green-elf a piranha 2 giant eels 9 lizards 6 apprentices 4 chickatrices 3 dogs 4 dingos 2 housecats 7 jaguars 6 dwarf lords 2 blue jellies 4 white unicorns a gray unicorn a black unicorn 2 dust vortices 7 ravens 6 plains centaurs 6 gnome mummies 5 snakes 4 water moccasins 5 apes 8 human zombies 2 rope golems 3 Woodland-elves 2 soldier ants 4 fire ants 26 bugbears 4 imps 4 quasits 5 wood nymphs a water nymph 3 mountain nymphs 33 Mordor orcs 6 Uruk-hai an orc shaman 8 rock piercers 2 rock moles 4 ponies 2 fog clouds 4 yellow lights 2 shriekers a violet fungus 23 gnome lords 5 gnomish wizards 2 kobold mummies 3 black naga hatchlings 2 guardian naga hatchlings 6 gray oozes 2 barrow wights 21 elf zombies a ghoul a straw golem 2 jellyfish a baby crocodile 10 giant ants 4 little dogs 7 floating eyes 3 kittens 27 dwarves 9 homunculi 3 kobold lords 2 kobold shamans 11 hill orcs 15 rothes 3 rabid rats 16 giant bats 6 monkeys 22 orc zombies 7 dwarf zombies a wererat 2 werejackals 5 iguanas 67 killer bees 2 acid blobs 7 coyotes 12 hobbits 10 manes a large kobold 15 hobgoblins 13 giant rats 10 cave spiders 3 brown molds 4 yellow molds 2 green molds 71 gnomes 18 garter snakes 4 gnome zombies 9 geckos 15 jackals 5 foxes 6 kobolds 9 goblins 17 sewer rats 14 grid bugs 3 bats 10 lichens 5 kobold zombies 19 newts 1280 creatures vanquished. Voluntary challenges: You used a wielded weapon 1266 times, starting on turn 137. You read items or engraved 108 times, starting on turn 10. You never genocided any monsters. You polymorphed 1 item, starting on turn 27940. You never changed form. You used no wishes. You never split a pudding. You wrote Elbereth's name 1 time, starting on turn 18936. You violated your moral code, losing 174 points of alignment, starting on turn 8359. Dungeon overview: The Dungeons of Doom: levels 1 to 25 Level 1 an altar to Anhur, a sink a long staircase Level 2 a fountain Level 3 a fountain Level 4 stairs to The Gnomish Mines Level 5 Level 6 a vault stairs to Sokoban Level 7 an armor shop Level 8 Level 9 an altar to Anhur, a fountain Level 10 some altars to Thoth and Anhur Level 11 Level 12 portal to The Quest Level 13 a vault Level 14 some altars to Ptah and Anhur Level 15 Level 16 a sink, a vault Level 17 Level 18 a temple to Thoth, a vault Level 19 Level 20 a fountain Level 21 a fountain Level 22 a fountain, a vault Level 23 Level 24 Level 25 <- You were here a fountain, a throne The Gnomish Mines: levels 5 to 12 Level 5 stairs to The Dungeons of Doom Level 6 Level 7 Level 8 many shops, a temple to Anhur, some trees Level 9 Level 10 Level 11 Level 12 The Quest: levels 1 to 6 Level 1 portal to The Dungeons of Doom Level 2 Level 3 Level 4 Level 5 Level 6 a temple to Thoth Sokoban: levels 2 to 5 Level 2 Level 3 Level 4 Level 5 stairs to The Dungeons of Doom History has recorded: On T:1 you entered the Dungeons of Doom to retrieve the Amulet of Yendor! On T:480 you reached level 2 of The Dungeons of Doom. On T:898 you advanced to experience level 2. On T:925 you reached level 3 of The Dungeons of Doom. On T:1116 you advanced to experience level 3. On T:1692 you reached level 4 of The Dungeons of Doom. On T:1981 you advanced to experience level 4. On T:2357 you reached level 1 of The Gnomish Mines. On T:2442 you advanced to experience level 5. On T:3145 you advanced to experience level 6. On T:3241 you reached level 2 of The Gnomish Mines. On T:3333 you reached level 3 of The Gnomish Mines. On T:3563 you reached level 4 of The Gnomish Mines. On T:3661 you advanced to experience level 7. On T:5043 you reached level 5 of The Gnomish Mines. On T:5112 you advanced to experience level 8. On T:6025 you reached level 6 of The Gnomish Mines. On T:6502 you reached level 7 of The Gnomish Mines. On T:7186 you advanced to experience level 9. On T:10039 you reached level 8 of The Gnomish Mines. On T:12817 you advanced to experience level 10. On T:14958 you reached level 5 of The Dungeons of Doom. On T:15487 you reached level 6 of The Dungeons of Doom. On T:15893 you reached level 9 of The Dungeons of Doom. On T:16046 you reached level 8 of The Dungeons of Doom. On T:16691 you reached level 7 of The Dungeons of Doom. On T:17780 you reached level 10 of The Dungeons of Doom. On T:18543 you reached level 11 of The Dungeons of Doom. On T:18986 you reached level 12 of The Dungeons of Doom. On T:19221 you advanced to experience level 11. On T:19288 you reached level 13 of The Dungeons of Doom. On T:20862 you advanced to experience level 12. On T:21243 you reached level 4 of Sokoban. On T:21677 you reached level 3 of Sokoban. On T:22262 you reached level 2 of Sokoban. On T:22677 you reached level 1 of Sokoban. On T:25563 you reached level 1 of The Quest. On T:26148 you embarked upon an epic quest. On T:26289 you reached level 2 of The Quest. On T:26600 you reached level 3 of The Quest. On T:26999 you reached level 4 of The Quest. On T:27538 you advanced to experience level 13. On T:27728 you advanced to experience level 14. On T:28080 you reached level 5 of The Quest. On T:28422 you reached level 6 of The Quest. On T:28780 you killed Dark One on level 4 of The Quest. On T:28929 you completed the quest! On T:29726 you received Magicbane from Anhur. On T:30175 you reached level 14 of The Dungeons of Doom. On T:30460 you reached level 15 of The Dungeons of Doom. On T:30999 you reached level 16 of The Dungeons of Doom. On T:31277 you reached level 17 of The Dungeons of Doom. On T:31458 you advanced to experience level 15. On T:31511 you reached level 18 of The Dungeons of Doom. On T:31692 you reached level 19 of The Dungeons of Doom. On T:31822 you reached level 20 of The Dungeons of Doom. On T:31943 you reached level 21 of The Dungeons of Doom. On T:32153 you reached level 22 of The Dungeons of Doom. On T:32378 you reached level 23 of The Dungeons of Doom. On T:32600 you advanced to experience level 16. On T:32923 you reached level 24 of The Dungeons of Doom. On T:32928 you killed Medusa on level 24 of The Dungeons of Doom. On T:33139 you advanced to experience level 17. On T:33569 you reached The Castle. On T:33748 you advanced to experience level 18. Score breakdown: Gold: 21980 (14770 points) Experience: 18 levels (22969 points) Exploration: 25 levels ( 52.08%) (21437 points) Discoveries: 111 items ( 38.68%) (18656 points) Valuables value: (no points given unless you survive) Artifact value: 12500 (13936 points) Variety of kills: 218 monsters ( 57.37%) (22722 points) Turncount: 33828 turns (-4179 points) Survival: died (score multiplied by 80%) Total score: 88248 Latest messages: The guardian naga misses. You hear fumbling nearby. The guardian naga bites! The lieutenant swings her broadsword at you. The lieutenant hits! The lieutenant swings her broadsword at you. The lieutenant hits! You can move again. You hit the guardian naga! The guardian naga misses. The lieutenant swings her broadsword at you. The lieutenant hits! The lieutenant swings her broadsword at you. The lieutenant hits! You hit the guardian naga! The freezing sphere displaces it. The guardian naga bites! The lich displaces the hill giant. The soldier displaces the hill giant. The lieutenant swings her broadsword at you. The lieutenant hits! You die... Final status: Goodbye Dyi the Wizard, killed by a lieutenant... You died in The Dungeons of Doom on dungeon level 25 with 88248 points, and 21980 pieces of gold, after 33828 moves. You were level 18 with a maximum of 106 hit points when you died.